AoeStats
← saschauli

Arena

510042399Analyzed
1v1 RM · 5d ago on Sep 29, 2026· 26m 48s· 2 players
Game mode
Random Map
Map size
Tiny (2 player)
Population
200
Speed
Normal
Resources
Standard
Victory
Conquest
Starting age
Dark Age
Ending age
Imperial Age
RankedLock teamsTeams togetherTeam positionsShared explorationLock speedFull tech treeHidden civsTurbo modeCheats
Victory
Defeat
🇦🇷 Hindustanis · Argentina
896
+18
🇩🇪 Poles · Germany
935
-18
Nexblux
9:51 Feudal Age
8:56 Loom
10:29 Double-Bit Axe
16:33 Castle Age
18:18 Bow Saw
saschauli
10:47 Feudal Age
17:48 Castle Age
17:15 Bloodlines
20:39 Loom
Connection lost

Rejoining the realm…

Still unreachable

The connection could not be restored.

Session expired

The server has moved on; the page needs a fresh start.